| TOP OF THE 1ST |
|
Tennessee Smokies batting - Pitching for Harrisburg Senators : RHP Brian Walker
|
|
Pitching: RHP Brian Walker
|
|
|
Batting: RHB Eric Wiss
|
0-0: Ball 1-0: SINGLE (Line Drive, 4MD, EV 105.0 MPH)
|
|
Batting: RHB Khalil Stephens
|
0-0: Ball 1-0: Swinging Strike 1-1: Ball 2-1: Swinging Strike 2-2: Fielders Choice at 2nd, 6-4 (Groundball, 6, EV 108.8 MPH)
|
|
Batting: RHB Brad Santanello
|
0-0: Called Strike 0-1: Called Strike Khalil Stephens steals 2nd base (no throw) 0-2: Foul Ball, location: 2F 0-2: Ball 1-2: Strikes out swinging
|
|
Batting: LHB Angel Oropeza
|
0-0: Ball 1-0: Swinging Strike 1-1: Ground out 4-3 (Groundball, 4, EV 85.6 MPH)
|
| Top of the 1st over - 0 runs, 1 hit, 0 errors, 1 left on base; Tennessee 0 - Harrisburg 0 |
| BOTTOM OF THE 1ST |
|
Harrisburg Senators batting - Pitching for Tennessee Smokies : RHP Bogdan Sdobnyakov
|
|
Pitching: RHP Bogdan Sdobnyakov
|
|
|
Batting: RHB Nate Dickinson
|
0-0: Foul Ball, location: 2F 0-1: Fly out, F4 (Popup, 34D, EV 65.6 MPH)
|
|
Batting: RHB Antonio Laurel
|
0-0: Called Strike 0-1: Foul Ball, location: 2F 0-2: Foul Ball, location: 2F 0-2: Ball 1-2: Fly out, F9 (Flyball, 9, EV 87.5 MPH)
|
|
Batting: RHB Kevin Whitenack
|
0-0: SINGLE (Groundball, 6MD, EV 100.0 MPH)
|
|
Batting: LHB Pat Aviles
|
0-0: Ball 1-0: Ball 2-0: Ball 3-0: Base on Balls Kevin Whitenack to second
|
|
Batting: RHB Kevin Wick
|
0-0: Called Strike 0-1: Ball 1-1: Ball 2-1: Ball 3-1: Swinging Strike 3-2: Base on Balls Kevin Whitenack to third Pat Aviles to second
|
|
Batting: LHB Evan Oliveri
|
0-0: Ball 1-0: Ball 2-0: Ball 3-0: Called Strike 3-1: Base on Balls Kevin Whitenack scores Pat Aviles to third Kevin Wick to second
|
|
Batting: RHB Steve Perez
|
0-0: Ball 1-0: Called Strike 1-1: Ball 2-1: Ball 3-1: Base on Balls Pat Aviles scores Kevin Wick to third Evan Oliveri to second
|
|
Batting: RHB John McNeill
|
0-0: Foul Ball, location: 2F 0-1: Ball 1-1: Ball 2-1: Fly out, F8 (Flyball, 8LM, EV 86.2 MPH)
|
| Bottom of the 1st over - 2 runs, 1 hit, 0 errors, 3 left on base; Tennessee 0 - Harrisburg 2 |
| TOP OF THE 2ND |
|
Tennessee Smokies batting - Pitching for Harrisburg Senators : RHP Brian Walker
|
|
Batting: RHB David Barnard
|
0-0: Ball 1-0: Called Strike 1-1: Foul Ball, location: 2F 1-2: Ball 2-2: Ball 3-2: Strikes out swinging
|
|
Batting: RHB Ryan Walker
|
0-0: Called Strike 0-1: Swinging Strike 0-2: DOUBLE (Groundball, 5L, EV 95.0 MPH)
|
|
Batting: RHB Sam Sours
|
0-0: Called Strike 0-1: Swinging Strike 0-2: Ball 1-2: SINGLE (Groundball, 56S, EV 66.2 MPH) (infield hit) Ryan Walker to third
|
|
Batting: RHB Armando Vilano
|
0-0: Called Strike 0-1: Ball 1-1: Ball Sam Sours steals 2nd base 2-1: Ball 3-1: Swinging Strike 3-2: Strikes out swinging
|
|
Batting: RHB Jerry Blas
|
0-0: Ball 1-0: Called Strike 1-1: Ball 2-1: Foul Ball, location: 2F 2-2: Fly out, F9 (Flyball, 9S, EV 92.5 MPH)
|
| Top of the 2nd over - 0 runs, 2 hits, 0 errors, 2 left on base; Tennessee 0 - Harrisburg 2 |
| BOTTOM OF THE 2ND |
|
Harrisburg Senators batting - Pitching for Tennessee Smokies : RHP Bogdan Sdobnyakov
|
|
Batting: RHB Victor Cintron
|
0-0: Called Strike 0-1: Foul Ball, location: 2F 0-2: Ground out 3-1 (Groundball, 34S, EV 76.2 MPH)
|
|
Batting: RHB Nate Dickinson
|
0-0: Ball 1-0: Swinging Strike 1-1: Ball 2-1: Ball 3-1: Called Strike 3-2: Ground out 6-3 (Groundball, 6, EV 76.9 MPH)
|
|
Batting: RHB Antonio Laurel
|
0-0: Ball 1-0: Ball 2-0: Foul Ball, location: 2F 2-1: Ball 3-1: Foul Ball, location: 2F 3-2: Foul Ball, location: 2F 3-2: Foul Ball, location: 2F 3-2: Base on Balls
|
|
Batting: RHB Kevin Whitenack
|
0-0: Ball 1-0: Ball 2-0: Foul Ball, location: 2F 2-1: Fly out, F9 (Line Drive, 89D, EV 95.6 MPH)
|
| Bottom of the 2nd over - 0 runs, 0 hits, 0 errors, 1 left on base; Tennessee 0 - Harrisburg 2 |
| TOP OF THE 3RD |
|
Tennessee Smokies batting - Pitching for Harrisburg Senators : RHP Brian Walker
|
|
Batting: RHB Eric Wiss
|
0-0: Foul Ball, location: 2F 0-1: Ball 1-1: Ball 2-1: Swinging Strike 2-2: Strikes out swinging
|
|
Batting: RHB Khalil Stephens
|
0-0: Ball 1-0: Called Strike 1-1: Swinging Strike 1-2: Ball 2-2: Foul Ball, location: 2F 2-2: Ball 3-2: Foul Ball, location: 2F 3-2: Base on Balls
|
|
Batting: RHB Brad Santanello
|
0-0: Foul Ball, location: 2F 0-1: Ball 1-1: Swinging Strike 1-2: Strikes out swinging
|
|
Batting: LHB Angel Oropeza
|
0-0: Ball 1-0: Called Strike 1-1: Foul Ball, location: 2F 1-2: Ball 2-2: Strikes out swinging
|
| Top of the 3rd over - 0 runs, 0 hits, 0 errors, 1 left on base; Tennessee 0 - Harrisburg 2 |
| BOTTOM OF THE 3RD |
|
Harrisburg Senators batting - Pitching for Tennessee Smokies : RHP Bogdan Sdobnyakov
|
|
Batting: LHB Pat Aviles
|
0-0: Ball 1-0: Ball 2-0: Called Strike 2-1: Ball 3-1: Foul Ball, location: 2F 3-2: Strikes out swinging
|
|
Batting: RHB Kevin Wick
|
0-0: Ball 1-0: Foul Ball, location: 2F 1-1: Foul Ball, location: 2F 1-2: DOUBLE (Line Drive, 8LXD, EV 96.9 MPH)
|
|
Batting: LHB Evan Oliveri
|
0-0: Called Strike 0-1: Foul Ball, location: 2F 0-2: Ball 1-2: Strikes out swinging
|
|
Batting: RHB Steve Perez
|
0-0: Ball 1-0: Ball 2-0: Called Strike 2-1: Foul Ball, location: 2F 2-2: Ball 3-2: SINGLE (Flyball, 78S, EV 97.5 MPH) Kevin Wick to third Runner from 3rd tries for Home, SAFE, throw by LF to home
|
|
Batting: RHB John McNeill
|
0-0: Foul Ball, location: 2F 0-1: Ground out 2-3 (Groundball, 13S, EV 68.1 MPH)
|
| Bottom of the 3rd over - 1 run, 2 hits, 0 errors, 1 left on base; Tennessee 0 - Harrisburg 3 |
| TOP OF THE 4TH |
|
Tennessee Smokies batting - Pitching for Harrisburg Senators : RHP Brian Walker
|
|
Batting: RHB David Barnard
|
0-0: Called Strike 0-1: Ball 1-1: Ball 2-1: DOUBLE (Flyball, 89XD, EV 103.1 MPH)
|
|
Batting: RHB Ryan Walker
|
0-0: Foul Ball, location: 2F 0-1: Ball 1-1: Foul Ball, location: 2F 1-2: Fly out, F9 (Flyball, 89S, EV 95.6 MPH)
|
|
Batting: RHB Sam Sours
|
0-0: Ball 1-0: Called Strike 1-1: Ball 2-1: Fly out, F8 (Flyball, 8LM, EV 83.1 MPH)
|
|
Batting: RHB Armando Vilano
|
0-0: Called Strike 0-1: Ground out 6-3 (Groundball, 6MS, EV 70.6 MPH)
|
| Top of the 4th over - 0 runs, 1 hit, 0 errors, 1 left on base; Tennessee 0 - Harrisburg 3 |
| BOTTOM OF THE 4TH |
|
Harrisburg Senators batting - Pitching for Tennessee Smokies : RHP Bogdan Sdobnyakov
|
|
Batting: RHB Victor Cintron
|
0-0: Ground out 3-1 (Groundball, 34S, EV 76.9 MPH)
|
|
Batting: RHB Nate Dickinson
|
0-0: Called Strike 0-1: Ball 1-1: Ball 2-1: Ball 3-1: Base on Balls
|
|
Batting: RHB Antonio Laurel
|
0-0: Grounds into double play, 6-4-3 (Groundball, 6, EV 83.8 MPH)
|
| Bottom of the 4th over - 0 runs, 0 hits, 0 errors, 0 left on base; Tennessee 0 - Harrisburg 3 |
| TOP OF THE 5TH |
|
Tennessee Smokies batting - Pitching for Harrisburg Senators : RHP Brian Walker
|
|
Batting: RHB Jerry Blas
|
0-0: Called Strike 0-1: Swinging Strike 0-2: Strikes out swinging
|
|
Batting: RHB Eric Wiss
|
0-0: Called Strike 0-1: SINGLE (Line Drive, 9LS, EV 106.9 MPH)
|
|
Batting: RHB Khalil Stephens
|
0-0: Ball Eric Wiss steals 2nd base 1-0: Called Strike 1-1: Ball 2-1: Foul Ball, location: 2F 2-2: Fly out, F8 (Flyball, 8RD, EV 95.6 MPH)
|
|
Batting: RHB Brad Santanello
|
0-0: Called Strike 0-1: DOUBLE (Line Drive, 5D, EV 101.2 MPH) Eric Wiss scores
|
|
Batting: LHB Angel Oropeza
|
0-0: Ground out U3 (Groundball, 34, EV 90.0 MPH)
|
| Top of the 5th over - 1 run, 2 hits, 0 errors, 1 left on base; Tennessee 1 - Harrisburg 3 |
| BOTTOM OF THE 5TH |
|
Harrisburg Senators batting - Pitching for Tennessee Smokies : RHP Bogdan Sdobnyakov
|
|
Batting: RHB Kevin Whitenack
|
0-0: Called Strike 0-1: Foul Ball, location: 2F 0-2: Hit by Pitch
|
|
Batting: LHB Pat Aviles
|
0-0: Ball 1-0: Ball 2-0: Ball 3-0: Called Strike 3-1: Base on Balls Kevin Whitenack to second
|
|
Batting: RHB Kevin Wick
|
0-0: Swinging Strike 0-1: Ball 1-1: Foul Ball, location: 2F 1-2: Strikes out swinging
|
|
Pitching: LHP Neal Brody
|
|
|
Batting: LHB Evan Oliveri
|
0-0: DOUBLE (Line Drive, 78D, EV 115.0 MPH) Kevin Whitenack scores Pat Aviles to third
|
|
Batting: RHB Steve Perez
|
0-0: Ground out 6-3 (Groundball, 6, EV 81.9 MPH)
|
|
Batting: RHB John McNeill
|
0-0: Called Strike 0-1: Reached on error, E6 (Groundball, 6, EV 103.8 MPH) Pat Aviles scores Evan Oliveri scores
|
|
Batting: RHB Victor Cintron
|
0-0: Called Strike 0-1: Ball Wild Pitch! John McNeill to third 1-1: Ball 2-1: Swinging Strike 2-2: Ball 3-2: Foul Ball, location: 2F 3-2: Base on Balls
|
|
Batting: RHB Nate Dickinson
|
0-0: Called Strike 0-1: Ball 1-1: Ball 2-1: Foul Ball, location: 2F 2-2: Strikes out swinging
|
| Bottom of the 5th over - 3 runs, 1 hit, 1 error, 2 left on base; Tennessee 1 - Harrisburg 6 |
| TOP OF THE 6TH |
|
Tennessee Smokies batting - Pitching for Harrisburg Senators : RHP Brian Walker
|
|
Batting: RHB David Barnard
|
0-0: Ball 1-0: Ball 2-0: Ball 3-0: Base on Balls
|
|
Batting: RHB Ryan Walker
|
0-0: Called Strike David Barnard steals 2nd, throwing error, E2 David Barnard to third 0-1: Called Strike 0-2: Ball 1-2: Ball 2-2: Ball 3-2: SINGLE (Line Drive, 9LS, EV 105.0 MPH) David Barnard scores
|
|
Pitching: LHP Kyle Bachman
|
|
|
Batting: RHB Sam Sours
|
0-0: Ball 1-0: Ball 2-0: Ball 3-0: Called Strike 3-1: Called Strike 3-2: Foul Ball, location: 2F 3-2: Ground out 6-3 (Groundball, 6S, EV 74.4 MPH) Ryan Walker to second
|
|
Batting: RHB Armando Vilano
|
0-0: Called Strike 0-1: Called Strike 0-2: Foul Ball, location: 2F 0-2: Ground out 5-3 (Groundball, 56S, EV 71.2 MPH) Ryan Walker to third
|
|
Batting: RHB Jerry Blas
|
0-0: Ball 1-0: Ball 2-0: Called Strike 2-1: Foul Ball, location: 2F 2-2: Foul Ball, location: 2F 2-2: Strikes out looking
|
| Top of the 6th over - 1 run, 1 hit, 1 error, 1 left on base; Tennessee 2 - Harrisburg 6 |
| BOTTOM OF THE 6TH |
|
Harrisburg Senators batting - Pitching for Tennessee Smokies : LHP Neal Brody
|
|
Batting: RHB Antonio Laurel
|
0-0: Ball 1-0: Foul Ball, location: 2F 1-1: Foul Ball, location: 2F 1-2: Foul Ball, location: 2F 1-2: Ball 2-2: Foul Ball, location: 2F 2-2: Ball 3-2: SINGLE (Groundball, 6MD, EV 98.1 MPH)
|
|
Batting: RHB Kevin Whitenack
|
0-0: Ball 1-0: Ground out 5-3 (Groundball, 56S, EV 63.8 MPH) Antonio Laurel to second
|
|
Batting: LHB Pat Aviles
|
0-0: Swinging Strike 0-1: Ball 1-1: Foul Ball, location: 2F 1-2: Foul Ball, location: 2F 1-2: Foul Ball, location: 2F 1-2: Strikes out swinging
|
|
Pitching: RHP Gavrel Godziashvili
|
|
|
Batting: RHB Kevin Wick
|
0-0: Ball 1-0: Ball 2-0: Called Strike 2-1: Ball 3-1: Foul Ball, location: 2F 3-2: Strikes out swinging
|
| Bottom of the 6th over - 0 runs, 1 hit, 0 errors, 1 left on base; Tennessee 2 - Harrisburg 6 |
| TOP OF THE 7TH |
|
Tennessee Smokies batting - Pitching for Harrisburg Senators : LHP Kyle Bachman
|
|
Batting: RHB Eric Wiss
|
0-0: Called Strike 0-1: SINGLE (Groundball, 6MS, EV 73.1 MPH) (infield hit)
|
|
Batting: RHB Khalil Stephens
|
0-0: Ball 1-0: Called Strike 1-1: Ball 2-1: Swinging Strike 2-2: Grounds into double play, 5-4-3 (Groundball, 56, EV 81.9 MPH)
|
|
Batting: RHB Brad Santanello
|
0-0: Ball 1-0: Ball 2-0: Called Strike 2-1: Foul Ball, location: 2F 2-2: TRIPLE (Flyball, 89XD, EV 89.4 MPH)
|
|
Batting: LHB Angel Oropeza
|
0-0: Called Strike 0-1: Ball 1-1: Foul Ball, location: 2F 1-2: Ball 2-2: Foul Ball, location: 2F 2-2: Strikes out looking
|
| Top of the 7th over - 0 runs, 2 hits, 0 errors, 1 left on base; Tennessee 2 - Harrisburg 6 |
| BOTTOM OF THE 7TH |
|
Harrisburg Senators batting - Pitching for Tennessee Smokies : RHP Gavrel Godziashvili
|
|
Batting: LHB Evan Oliveri
|
0-0: Ball 1-0: Foul Ball, location: 2F 1-1: Swinging Strike 1-2: DOUBLE (Groundball, 5L, EV 104.4 MPH)
|
|
Batting: RHB Steve Perez
|
0-0: Ball 1-0: Ball 2-0: Ball 3-0: Called Strike 3-1: Base on Balls
|
|
Batting: RHB John McNeill
|
0-0: Ball 1-0: Foul Ball, location: 2F 1-1: Foul Ball, location: 2F 1-2: Ball 2-2: Ball 3-2: Foul Ball, location: 2F 3-2: Base on Balls Evan Oliveri to third Steve Perez to second
|
|
Batting: RHB Victor Cintron
|
0-0: Foul Ball, location: 2F 0-1: Fielders Choice at 2nd, 3-6 (Groundball, 34S, EV 81.2 MPH) Evan Oliveri scores Steve Perez to third
|
|
Batting: RHB Nate Dickinson
|
0-0: Ball 1-0: Ball 2-0: Ball 3-0: Foul Ball, location: 2F 3-1: Base on Balls Victor Cintron to second
|
|
Pitching: RHP Carlos Dominguez
|
|
|
Batting: RHB Antonio Laurel
|
0-0: Swinging Strike 0-1: Foul Ball, location: 2F 0-2: Hit by Pitch Steve Perez scores Victor Cintron to third Nate Dickinson to second
|
|
Batting: RHB Kevin Whitenack
|
0-0: Called Strike 0-1: Ball 1-1: Ball 2-1: Ball 3-1: Swinging Strike 3-2: Base on Balls Victor Cintron scores Nate Dickinson to third Antonio Laurel to second
|
|
Batting: LHB Pat Aviles
|
0-0: Called Strike 0-1: Swinging Strike 0-2: Foul Ball, location: 2F 0-2: Foul Ball, location: 2F 0-2: Strikes out looking
|
|
Batting: RHB Kevin Wick
|
0-0: SINGLE (Line Drive, 4D, EV 99.4 MPH) Nate Dickinson scores Antonio Laurel to third Kevin Whitenack to second Runner from 3rd tries for Home, SAFE, throw by CF to home
|
|
Batting: LHB Evan Oliveri
|
0-0: Foul Ball, location: 2F 0-1: Called Strike 0-2: Foul Ball, location: 2F 0-2: Ball 1-2: Strikes out swinging
|
| Bottom of the 7th over - 5 runs, 2 hits, 0 errors, 2 left on base; Tennessee 2 - Harrisburg 11 |
| TOP OF THE 8TH |
|
Tennessee Smokies batting - Pitching for Harrisburg Senators : LHP Kyle Bachman
|
|
Batting: RHB David Barnard
|
0-0: Foul Ball, location: 2F 0-1: Foul Ball, location: 2F 0-2: Foul Ball, location: 2F 0-2: Strikes out swinging
|
|
Batting: RHB Ryan Walker
|
0-0: Ball 1-0: Foul Ball, location: 2F 1-1: Swinging Strike 1-2: Strikes out looking
|
|
Batting: RHB Sam Sours
|
0-0: Ball 1-0: Ball 2-0: Ball 3-0: Base on Balls
|
|
Batting: RHB Armando Vilano
|
0-0: Ball 1-0: Foul Ball, location: 2F 1-1: Ball 2-1: Foul Ball, location: 2F 2-2: Ball 3-2: DOUBLE (Flyball, 8RXD, EV 110.6 MPH) Sam Sours to third Sam Sours scores
|
|
Pitching: RHP Tatsuhito Shiota
|
|
|
Batting: RHB Jerry Blas
|
0-0: Ball 1-0: Ball 2-0: Ball 3-0: Called Strike 3-1: Foul Ball, location: 2F 3-2: Base on Balls
|
|
Batting: RHB Eric Wiss
|
0-0: SINGLE (Line Drive, 7S, EV 106.9 MPH) Armando Vilano to third Jerry Blas to second Runner from 3rd tries for Home, SAFE, throw by LF to home
|
|
Batting: RHB Khalil Stephens
|
0-0: Ball 1-0: Called Strike 1-1: Ball 2-1: Fielders Choice at 2nd, 5-4 (Groundball, 56, EV 83.1 MPH)
|
| Top of the 8th over - 2 runs, 2 hits, 0 errors, 2 left on base; Tennessee 4 - Harrisburg 11 |
| BOTTOM OF THE 8TH |
|
Harrisburg Senators batting - Pitching for Tennessee Smokies : RHP Carlos Dominguez
|
|
Batting: RHB Steve Perez
|
0-0: Foul Ball, location: 2F 0-1: Ball 1-1: Ball 2-1: Foul Ball, location: 2F 2-2: Strikes out swinging
|
|
Batting: RHB John McNeill
|
0-0: Ground out 5-3 (Groundball, 56, EV 82.5 MPH)
|
|
Batting: RHB Victor Cintron
|
0-0: Ball 1-0: Ball 2-0: Ground out 3-1 (Groundball, 34S, EV 82.5 MPH)
|
| Bottom of the 8th over - 0 runs, 0 hits, 0 errors, 0 left on base; Tennessee 4 - Harrisburg 11 |
| TOP OF THE 9TH |
|
Tennessee Smokies batting - Pitching for Harrisburg Senators : RHP Tatsuhito Shiota
|
|
Batting: RHB Brad Santanello
|
0-0: Called Strike 0-1: Ball 1-1: Foul Ball, location: 2F 1-2: Ball 2-2: Strikes out looking
|
|
Batting: LHB Angel Oropeza
|
0-0: Ball 1-0: Foul Ball, location: 2F 1-1: Foul Ball, location: 2F 1-2: Strikes out swinging
|
|
Batting: RHB David Barnard
|
0-0: Fly out, F9 (Flyball, 9, EV 78.1 MPH)
|
| Top of the 9th over - 0 runs, 0 hits, 0 errors, 0 left on base; Tennessee 4 - Harrisburg 11 |
|